 Dungeon Crawl Stone Soup version 0.26-a0-663-g36e8fdb655 (webtiles) character file.

Game seed: 7749429081010969688

21427 Lavandula the Scholar (level 12, 81/81 HPs)
             Began as a Demonspawn Air Elementalist on Oct 9, 2020.
             Was an Elder of Sif Muna.
             Quit the game on level 5 of the Lair of Beasts on Oct 10, 2020.
             The game lasted 00:43:24 (15419 turns).

Lavandula the Scholar (DsAE)                       Turns: 15419, Time: 00:43:25

Health: 81/81      AC: 15    Str: 10    XL:     12   Next: 54%
Magic:  6/26       EV: 10    Int: 31    God:    Sif Muna [****..]
Gold:   985        SH:  0    Dex: 13    Spells: 16/31 levels left

rFire    . . .     SeeInvis +   W - staff of air
rCold    + . .     Faith    .   (no shield)
rNeg     . . .     Spirit   .   o - quicksilver dragon scales (curse)
rPois    .         Reflect  .   (helmet unavailable)
rElec    +         Harm     +   Z - scarf {harm}
rCorr    .         Rampage  .   i - +2 pair of gloves
MR       +....                  I - +2 pair of boots {Stlth+}
Stlth    ++........             P - amulet of regeneration
HPRegen  0.63/turn              l - ring of protection from cold
MPRegen  0.20/turn              X - +6 ring of intelligence

@: no status effects
A: antennae 3, demonic guardian 2, big brain 2
a: Channel Magic, Forget Spell, Divine Exegesis, Renounce Religion


You were on level 5 of the Lair of Beasts.
You worshipped Sif Muna.
Sif Muna was greatly pleased with you.
You visited 3 branches of the dungeon, and saw 16 of its levels.

You collected 985 gold pieces.

Inventory:

Hand Weapons
 u - a +6 quarterstaff of chaos
 D - a +2 vorpal spear
 J - a +2 rapier of venom
Missiles
 j - 11 javelins
 Q - 7 curare-tipped darts (quivered)
 S - 2 throwing nets
 Y - 10 poisoned darts
Armour
 i - a +2 pair of gloves (worn)
 o - cursed quicksilver dragon scales (worn)
 t - a +2 leather armour of cold resistance
 I - a +2 pair of boots of stealth (worn)
 K - a +2 leather armour of fire resistance
 N - +0 acid dragon scales
 Z - a scarf of harm (worn)
Magical Staves
 W - an uncursed staff of air (weapon)
Jewellery
 e - an uncursed ring of flight {unknown}
 l - a ring of protection from cold (left hand)
 B - an uncursed ring of positive energy
 P - an amulet of regeneration (around neck)
 X - a +6 ring of intelligence (right hand)
Wands
 n - a wand of polymorph (10)
 v - a wand of enslavement (6)
 F - a wand of iceblast (6)
 M - a wand of digging (11)
 O - a wand of paralysis (14)
 U - a wand of acid (9)
Scrolls
 a - a scroll of torment {unknown}
 c - 5 scrolls of amnesia
 d - 3 scrolls of immolation
 h - 4 scrolls of fog
 s - a scroll of fear
 y - 3 scrolls of teleportation
 A - a scroll of blinking
 C - a scroll of random uselessness {unknown}
 H - 2 scrolls of magic mapping
 R - a scroll of summoning
 V - 5 scrolls of remove curse
Potions
 b - a potion of flight {unknown}
 g - 7 potions of curing
 k - a potion of berserk rage
 m - 5 potions of lignification
 q - 2 potions of brilliance {unknown}
 r - 5 potions of heal wounds {unknown}
 w - 3 potions of might {unknown}
 x - a potion of cancellation {unknown}
 z - a potion of magic {unknown}
 E - 2 potions of haste {unknown}
 L - 2 potions of invisibility {unknown}
 T - 2 potions of stabbing {unknown}
Miscellaneous
 p - a box of beasts (3/3)
 G - a phantom mirror


   Skills:
 + Level 3.5 Fighting
 - Level 1.6 Staves
 - Level 1.7 Dodging
 - Level 1.7 Stealth
   Level 3.8 Shields
 - Level 10.1 Spellcasting
 - Level 6.7 Conjurations
 - Level 8.5 Air Magic
 - Level 10.9 Invocations
 - Level 10.2 Evocations


You had 16 spell levels left.
You knew the following spells:

 Your Spells              Type           Power        Failure   Level
a - Shock                 Conj/Air       ####         1%          1
b - Swiftness             Air            #######.     1%          2
c - Static Discharge      Conj/Air       #######.     1%          3
d - Airstrike             Air            #######...   2%          4
e - Lightning Bolt        Conj/Air       #######...   10%         5

Your spell library contained the following spells:

 Spells                   Type           Power        Failure   Level
 Foxfire                  Conj/Fire      ####         2%          1
 Conjure Flame            Conj/Fire      #####...     6%          3
 Animate Skeleton         Necr           ###...       9%          1
 Beastly Appendage        Tmut           ###...       9%          1
 Pain                     Necr           ###.         9%          1
 Wereblood                Tmut           ###.....     13%         2
 Sticky Flame             Conj/Fire      #####...     22%         4
 Confusing Touch          Hex            ###.....     26%         3
 Gell's Gravitas          Tloc           ###.......   26%         3
 Inner Flame              Hex/Fire       ###.....     26%         3
 Spider Form              Tmut/Pois      ###.......   26%         3
 Vampiric Draining        Necr           ###.......   26%         3
 Fireball                 Conj/Fire      #####.....   52%         5
 Animate Dead             Necr           ###.......   63%         4
 Ice Form                 Ice/Tmut       ###.....     63%         4
 Petrify                  Tmut/Erth      ###.....     63%         4
 Agony                    Necr           ###.....     93%         5
 Blade Hands              Tmut           ###.......   93%         5
 Metabolic Englaciation   Hex/Ice        ###.......   93%         5
 Yara's Violent Unravell  Hex/Tmut       ###.......   93%         5


Dungeon Overview and Level Annotations

Branches:
Dungeon (10/15)            Temple (1/1) D:6            Lair (5/6) D:10
 Shoals (0/4) Lair:2        Snake (0/4) Lair:4
  Slime: Lair:5-6       Orc: D:9-12

Altars:
Ashenzari
Cheibriados
Dithmenos
Elyvilon
Fedhas
Hepliaklqana
Kikubaaqudgha
Nemelex Xobeh
Okawaru
Qazlal
Ru
Sif Muna
Uskayaw
Vehumet
Wu Jian
Xom
Yredelemnul
Zin
The Shining One

Portals:
Trove: D:10 (give +3 shadow dragon scales)

Annotations:
D:2 Sigmund
D:9 4 runed translucent doors, exclusion: centaur warrior
D:10 exclusion: upstairs


Innate Abilities, Weirdness & Mutations

You have a pair of large antennae on your head. (SInv)
A demonic guardian rushes to your aid.
You have an extremely huge brain. (Int +4)


Message History

Sif Muna accepts your kill.
You see here a blink frog corpse.
Found a potion of curing.
Your sixfirhy disappears in a puff of smoke!
Found a hand axe.
g - 7 potions of curing (gained 1)
Okay, then.
Unknown command.
Drop what? 52/52 slots (_ for help) (? for menu, Esc to quit)
You start removing your armour.
You continue taking off your +1 buckler. x4
You finish taking off your +1 buckler.
You drop a +1 buckler.
You stop training Shields.
You need to enable at least one skill for training.
Welcome back, Lavandula the Demonspawn Air Elementalist.
Sif Muna whispers: I know many secrets...
Press ? for a list of commands and other information.
Okay, then.
Unknown command.
Are you sure you want to abandon this character and quit the game? (Confirm with "yes".)

........ . #......
##. ##..# #.....#
#..##...###.....##
#....P..#.P......#
#...............#.#
#..................
#..........@.......
##..................
#.........[....PPPP.
##..........)...P.##
#...##.....P.....#
#..§.######.....P#
#.††## ......##
#..†.# . ......#
##...## .. ......


There were no monsters in sight!

Vanquished Creatures
  Harold (D:8)
  2 hydras (Lair:1)
  2 oklob plants (Lair:2)
  Maurice (D:8)
  4 black mambas
  Psyche (D:8)
  5 cane toads
  Maggie (D:8)
  2 rime drakes
  5 komodo dragons
  Prince Ribbit (D:6)
  A troll (D:10)
  8 blink frogs
  A dream sheep (Lair:3)
  A wyvern (Lair:1)
  15 yaks
  Eustachio (D:5)
  2 basilisks (Lair:2)
  7 water moccasins
  An ice beast (D:10)
  2 sky beasts
  3 orc warriors
  2 black bears (Lair:4)
  4 boggarts (Lair:4)
  3 ogres
  A wolf (Lair:4)
  3 centaurs
  9 bullfrogs
  Blork the orc (D:6)
  3 big kobolds
  3 scorpions
  An electric eel (Lair:3)
  A lava snake (Lair:1)
  A quasit (D:10)
  A centaur zombie (D:8)
  2 jellies
  9 orc priests
  12 orc wizards
  A hound (D:6)
  Crazy Yiuf (D:3)
  3 centaur skeletons
  3 iguanas
  9 worker ants
  2 hell rats (Lair:3)
  A worker ant zombie (D:5)
  17 adders
  5 gnolls
  5 river rats (Lair:3)
  3 white imps
  2 ufetubi
  2 oozes
  2 worms
  2 dart slugs
  6 leopard geckos
  37 orcs
  4 giant cockroaches (D:3)
  12 goblins
  15 hobgoblins
  4 jackals (D:2)
  4 quokkas
  6 bats
  12 frilled lizards
  A giant cockroach zombie (D:5)
  27 kobolds
  A leopard gecko zombie (D:3)
  8 rats
318 creatures vanquished.

Vanquished Creatures (collateral kills)
  A hydra (Lair:3)
  A centaur zombie (D:10)
  A torpor snail (Lair:2)
  A cane toad (Lair:1)
  6 blink frogs
  12 yaks
  A basilisk (Lair:2)
  2 water moccasins (Lair:2)
  An ogre (D:6)
  A big kobold (D:7)
  A hound zombie (D:5)
  A gnoll (D:4)
29 creatures vanquished.

Vanquished Creatures (others)
  8 fungi
  31 plants
39 creatures vanquished.

Grand Total: 386 creatures vanquished

Notes
Turn   | Place    | Note
-------+----------+-------------------------------------------
     0 | D:1      | Lavandula the Demonspawn Air Elementalist began the quest
                  | for the Orb.
     0 | D:1      | Reached XP level 1. HP: 13/13 MP: 3/3
   260 | D:1      | Gained mutation: You have an unusually large brain. (Int
                  | +2) [demonic ancestry]
   260 | D:1      | Reached XP level 2. HP: 19/19 MP: 3/5
   345 | D:1      | Learned a level 2 spell: Swiftness
   790 | D:2      | Noticed Sigmund
   911 | D:1      | Gained mutation: You have a pair of small antennae on your
                  | head. [demonic ancestry]
   911 | D:1      | Reached XP level 3. HP: 21/24 MP: 0/7
  1374 | D:1      | Learned a level 3 spell: Static Discharge
  1745 | D:2      | Reached XP level 4. HP: 30/30 MP: 4/9
  1988 | D:2      | Learned a level 4 spell: Airstrike
  2391 | D:3      | Found a hide-covered altar of Uskayaw.
  2629 | D:3      | Gained mutation: A weak demonic guardian rushes to your
                  | aid. [demonic ancestry]
  2629 | D:3      | Reached XP level 5. HP: 31/35 MP: 5/11
  3128 | D:3      | Gained mutation: You have a pair of antennae on your head.
                  | [demonic ancestry]
  3128 | D:3      | Reached XP level 6. HP: 26/41 MP: 1/12
  3608 | D:3      | Found a runed translucent door.
  3609 | D:3      | Noticed Crazy Yiuf
  3628 | D:3      | Killed Crazy Yiuf
  3628 | D:3      | Reached skill level 5 in Air Magic
  3913 | D:4      | Got a heavily runed leather armour
  4085 | D:4      | Reached XP level 7. HP: 46/46 MP: 13/13
  4820 | D:5      | Entered Level 5 of the Dungeon
  5196 | D:5      | Found a stormy altar of Qazlal.
  5352 | D:5      | Noticed Eustachio
  5364 | D:5      | Killed Eustachio
  6041 | D:6      | Noticed Prince Ribbit
  6049 | D:6      | Killed Prince Ribbit
  6049 | D:6      | Gained mutation: You have a pair of large antennae on your
                  | head. (SInv) [demonic ancestry]
  6049 | D:6      | Reached XP level 8. HP: 52/52 MP: 12/14
  6056 | D:6      | Learned a level 5 spell: Lightning Bolt
  6258 | D:6      | Noticed Blork the orc
  6274 | D:6      | Killed Blork the orc
  6548 | D:6      | Found a staircase to the Ecumenical Temple.
  6566 | Temple   | Entered the Ecumenical Temple
  6572 | Temple   | Became a worshipper of Sif Muna the Loreminder
  6602 | D:6      | Reached skill level 5 in Conjurations
  7149 | D:7      | Found a glowing silver altar of Zin.
  7287 | D:7      | Reached XP level 9. HP: 49/57 MP: 14/15
  7932 | D:8      | Noticed Harold
  7963 | D:8      | Killed Harold
  8248 | D:8      | Found an iron altar of Okawaru.
  8251 | D:8      | Found a blossoming altar of Fedhas.
  8293 | D:8      | Found a white marble altar of Elyvilon.
  8455 | D:8      | Reached * piety under Sif Muna
  9128 | D:8      | Noticed Maurice
  9309 | D:8      | Noticed Psyche
  9314 | D:8      | Killed Psyche
  9314 | D:8      | Reached XP level 10. HP: 44/63 MP: 22/22
  9318 | D:8      | Killed Maurice
  9526 | D:8      | Noticed Maggie
  9538 | D:8      | Killed Maggie
  9923 | D:9      | Reached skill level 10 in Spellcasting
 10050 | D:9      | Reached skill level 1 in Fighting
 10093 | D:9      | Reached ** piety under Sif Muna
 10261 | D:9      | Identified the +2 leather armour of Articulation {Int+2}
                  | (You found it on level 4 of the Dungeon)
 10459 | D:9      | Found a runed translucent door.
 10493 | D:9      | Found a runed translucent door.
 10565 | D:9      | Found a runed translucent door.
 10581 | D:9      | Found a runed translucent door.
 10637 | D:9      | Found a shimmering blue altar of Sif Muna.
 10663 | D:9      | Noticed a centaur warrior
 10683 | D:10     | Entered Level 10 of the Dungeon
 10926 | D:10     | Reached skill level 1 in Evocations
 11766 | D:10     | Found a portal to a secret trove of treasure.
 11894 | D:10     | Found a staircase to the Lair.
 11904 | D:10     | Reached skill level 5 in Evocations
 12285 | Lair:1   | Entered Level 1 of the Lair of Beasts
 12314 | Lair:1   | Noticed a black mamba
 12319 | Lair:1   | Killed a black mamba
 12385 | Lair:1   | Noticed a cane toad
 12387 | Lair:1   | Killed a cane toad
 12387 | Lair:1   | Gained mutation: A demonic guardian rushes to your aid.
                  | [demonic ancestry]
 12387 | Lair:1   | Reached XP level 11. HP: 75/75 MP: 25/25
 12528 | Lair:1   | Noticed a six-headed hydra
 12541 | Lair:1   | Killed a six-headed hydra
 12710 | Lair:1   | Reached *** piety under Sif Muna
 12963 | Lair:1   | Noticed a six-headed hydra
 12966 | Lair:1   | Killed a six-headed hydra
 12966 | Lair:1   | Reached skill level 10 in Evocations
 13012 | Lair:2   | Found a staircase to the Shoals.
 13014 | Lair:2   | Reached skill level 1 in Invocations
 13058 | Lair:2   | Reached skill level 5 in Invocations
 13358 | Lair:1   | Found a glowing golden altar of the Shining One.
 13454 | Lair:2   | Gained mutation: You have an extremely huge brain. (Int +4)
                  | [demonic ancestry]
 13454 | Lair:2   | Reached XP level 12. HP: 81/81 MP: 25/26
 14340 | Lair:4   | Found a staircase to the Snake Pit.
 14440 | Lair:4   | Reached skill level 10 in Invocations
 14938 | Lair:4   | Reached skill level 1 in Shields
 14971 | Lair:3   | Reached **** piety under Sif Muna
 15139 | Lair:3   | Noticed an eight-headed hydra
 15142 | Lair:3   | Killed an eight-headed hydra
 15142 | Lair:3   | Reached skill level 1 in Staves
 15417 | Lair:5   | Upgraded the game from 0.26-a0-661-g406de6ba63 to
                  | 0.26-a0-663-g36e8fdb655
 15419 | Lair:5   | Quit the game

Illustrated notes

Levels and vault maps discovered:
D:1:      nzn_arrival_settlement, layout_basic
D:2:      minmay_recursive_quarters, layout_rooms, uniq_sigmund
D:3:      cheibrodos_helix_gallery, layout_loops_ring,
          nicolae_overflow_crystal_walls, uniq_crazy_yiuf_cottage
D:4:      layout_basic
D:5:      layout_loops_ring, nicolae_qazlal_general_emergency,
          minmay_checkerbox, uniq_eustachio
D:6:      layout_rooms, minmay_temple_entry_junction, nrook_campfire,
          uniq_blork_the_orc, uniq_prince_ribbit1
D:7:      layout_basic, zin_statuary
D:8:      layout_basic, minitemple, elyvilon_altar_4, uniq_harold, uniq_maurice,
          uniq_psyche, uniq_maggie
D:9:      layout_gridville, basic_altar, minmay_statue_crystal_thing
D:10:     layout_stronghold, david_lair_shrubbed, nicolae_trove_entry_columns
Temple:   nicolae_temple_x_marks_the_god
Lair:1:   layout_gridlike, basic_altar
Lair:2:   layout_regular_city, shoals_dummy_entry, minmay_lair_oklob_chamber
Lair:3:   layout_loops_ring, kennysheep_abandoned_house, lemuel_fruit_fields,
          serial_bayou_shore_a, serial_bayou_shore_b
Lair:4:   layout_cave_pods, guppyfry_snake_entry_island, kilobyte_rumbling_trees
Lair:5:   layout_regular_city, infiniplex_staircase_pool_2, uniq_kirke

Skill      XL: |  1  2  3  4  5  6  7  8  9 10 11 12 |
---------------+-------------------------------------+-----
Conjurations   | 2 6 |  6.7
Spellcasting   | 3 4 8 10 | 10.1
Air Magic      | 3 4 6 8 |  8.5
Fighting       | 3 |  3.5
Evocations     | 6 10 | 10.2
Invocations    | 7 10 | 10.9
Shields        | 3 |  3.8
Staves         | 1 |  1.6
Dodging        | |  1.7
Stealth        | |  1.7

Action                   |  1- 3 |  4- 6 |  7- 9 | 10-12 || total
-------------------------+-------+-------+-------+-------++-------
Melee: Dagger            |    31 |    10 |       |       ||    41
       Unarmed           |     1 |       |       |       ||     1
       Rapier            |       |    48 |    16 |       ||    64
       Staff             |       |       |       |    46 ||    46
       Spear             |       |       |       |     3 ||     3
Throw: Javelin           |     1 |     6 |       |       ||     7
       Dart              |       |       |     1 |     1 ||     2
 Cast: Shock             |    66 |   104 |   333 |   170 ||   673
       Airstrike         |       |       |    19 |   100 ||   119
       Static Discharge  |       |       |       |    16 ||    16
       Lightning Bolt    |       |       |       |     1 ||     1
Invok: Channel Magic     |       |       |       |     1 ||     1
Evoke: Wand              |       |       |       |     1 ||     1
  Use: Scroll            |     7 |     2 |     4 |    11 ||    24
 Stab: Sleeping          |       |     1 |     1 |     4 ||     6
       Distracted        |       |       |       |     1 ||     1
Armor: Leather armour    |    14 |    33 |    30 |    13 ||    90
       Quicksilver drago |       |       |       |    25 ||    25
Dodge: Dodged            |    29 |    55 |    37 |    45 ||   166
Block: Buckler           |       |       |       |     2 ||     2

Table legend: (Time is in decaauts)
 A = Elapsed time spent in this place.
 B = Non-inter-level travel time spent in this place.
 C = Inter-level travel time spent in this place.
 D = Time resting spent in this place.
 E = Time spent auto-exploring this place.
 F = Levels seen in this place.
 G = Mean time per level.
                   A        B        C        D        E       F      G
               +--------+--------+--------+--------+--------+-----+--------+
         Total |  15446 |  15052 |    394 |   2061 |  10290 |  16 |  965.4 |
       Dungeon |  12292 |  11954 |    338 |   1644 |   8499 |  10 | 1229.2 |
        Temple |     12 |      7 |      5 |      0 |      0 |   1 |   12.0 |
          Lair |   3142 |   3091 |     51 |    417 |   1791 |   5 |  628.4 |
               +--------+--------+--------+--------+--------+-----+--------+

Top non-repeatable levels by time:
     D:8: 1969 daAuts
    D:10: 1602 daAuts
     D:1: 1490 daAuts
     D:3: 1324 daAuts
     D:5: 1219 daAuts
     D:4: 1125 daAuts
     D:2: 897 daAuts
     D:7: 894 daAuts
     D:9: 891 daAuts
     D:6: 875 daAuts
  Lair:2: 873 daAuts
  Lair:4: 854 daAuts
  Lair:1: 816 daAuts
  Lair:3: 440 daAuts
  Lair:5: 156 daAuts
